AoeStats
← simirfan

Nomad

512982007Analyzed
3v3 RM · 4d ago on Oct 11, 2026· 41m 21s· 6 players
Game mode
Random Map
Map size
210×210
Population
200
Speed
Normal
Resources
Standard
Victory
Conquest
Starting age
Dark Age
Ending age
Imperial Age
RankedLock teamsTeams togetherTeam positionsShared explorationLock speedFull tech treeHidden civsTurbo modeCheats
Victory
Defeat
🇹🇷 Koreans · Türkiye
1261
+13
🇹🇷 Chinese · Türkiye
1181
+16
🇹🇷 Japanese · Türkiye
1086
+20
vs
🇹🇷 Goths · Türkiye
1202
-17
🇹🇷 Huns · Türkiye
1177
-16
🇹🇷 Vikings · Türkiye
1173
-16
Crucio
2:55 Loom
14:16 Feudal Age
16:28 Forging
16:24 Scale Barding Armor
18:28 Castle Age
16:48 Double-Bit Axe
17:29 Horse Collar
19:58 Bloodlines
25:11 Iron Casting
33:04 Wheelbarrow
32:41 Bow Saw
32:39 Heavy Plow
33:51 Husbandry
34:20 Chain Barding Armor
38:33 Gold Mining
FİCİGETO
15:33 Feudal Age
19:13 Loom
23:07 Castle Age
21:05 Double-Bit Axe
22:47 Horse Collar
22:59 Gold Mining
32:43 Forging
32:33 Scale Mail Armor
34:04 Iron Casting
35:42 Chain Mail Armor
37:54 Thumb Ring
Finn The Human
5:42 Loom
16:16 Feudal Age
21:44 Castle Age
23:47 Double-Bit Axe
29:10 Fletching
Geosim
2:43 Loom
4:23 Loom
14:33 Feudal Age
14:58 Double-Bit Axe
16:50 Fishing Lines
19:41 Castle Age
18:44 Stone Mining
20:38 Bow Saw
23:46 Town Watch
25:25 Forging
27:32 Squires
34:40 Gillnets
simirfan
2:59 Loom
14:20 Feudal Age
14:25 Man-at-Arms
14:53 Double-Bit Axe
16:41 Scale Mail Armor
16:52 Forging
17:35 Horse Collar
24:29 Castle Age
25:29 Long Swordsman
26:56 Chain Mail Armor
32:14 Wheelbarrow
32:41 Iron Casting
35:27 Hand Cart
34:58 Town Watch
M.S.
3:26 Loom
13:10 Feudal Age
15:16 Wheelbarrow
14:32 Double-Bit Axe
14:51 Gold Mining
16:52 Wheelbarrow
23:07 Castle Age
22:37 Stone Mining
24:27 Gold Shaft Mining
24:04 Bow Saw
24:08 Fishing Lines
24:47 Medium Warships
27:01 Gillnets
29:36 Forging
29:32 Scale Barding Armor
34:46 Imperial Age
33:28 Town Watch
34:31 Squires
34:17 Arson
34:55 Fletching
35:05 Padded Archer Armor
36:39 Town Patrol
37:06 Hand Cart
37:21 Husbandry
37:32 Marauders
Connection lost

Rejoining the realm…

Still unreachable

The connection could not be restored.

Session expired

The server has moved on; the page needs a fresh start.